 Dungeon Crawl Stone Soup version 0.31-a0-221-gbddc013574 (webtiles) character file.

Game seed: 7524014150256743530

126 qw the Shooter (level 5, 0/30 HPs)
             Began as a Gargoyle Hexslinger on July 4, 2023.
             Slain by an orc
             ... wielding a +0 falchion
              (4 damage)
             ... on level 3 of the Dungeon.
             The game lasted 00:00:52 (2533 turns).

qw the Shooter (Gargoyle Hexslinger)                Turns: 2533, Time: 00:00:52

Health: 0/30       AC: 10    Str: 11    XL:     5   Next: 10%
Magic:  6/6        EV: 11    Int: 14    God:
Gold:   69         SH:  0    Dex: 14    Spells: 5/6 levels left

rFire   . . .        Y - +1 sling
rCold   . . .        (no shield)
rNeg    + . .        c - +3 leather armour
rPois   inf          (no helmet)
rElec   +            (no cloak)
rCorr   .            (no gloves)
SInv    .            (no boots)
Will    .....        (no amulet)
Stlth   +            (no ring)
HPRegen 0.25/turn    (no ring)
MPRegen 0.10/turn

%: no passive effects
@: no status effects
A: sickness immunity, AC +4, negative energy resistance 1, electricity
resistance, torment resistance 1, petrification resistance
a: no special abilities


You were on level 3 of the Dungeon.
You visited 1 branch of the dungeon, and saw 3 of its levels.

You collected 69 gold pieces.


Innate Abilities, Weirdness & Mutations

You are immune to sickness and miasma.
Your stone body is resilient. (AC +4)
You are immune to poison.
You resist negative energy. (rN+)
You are resistant to electric shocks. (rElec)
You are resistant to unholy torment.
You are immune to petrification.


   Skills:
 - Level 2.0 Fighting
 + Level 4.8 Ranged Weapons
 - Level 1.5 Dodging
 - Level 1.0 Spellcasting
 - Level 2.6 Hexes


You had 5 spell levels left.
You knew the following spells:

 Your Spells              Type           Power      Damage    Failure   Level
a - Slow                  Hex            32%        N/A       12%         1

Your spell library contained the following spells:

 Spells                   Type           Power      Damage    Failure   Level
 Inner Flame              Hex/Fire       4%         N/A       52%         3
 Portal Projectile        Hex/Tloc       8%         N/A       52%         3
 Cause Fear               Hex            4%         N/A       75%         4

Inventory:

Hand Weapons
 Y - a +1 sling (weapon)
Armour
 c - a +3 leather armour (worn)
Scrolls
 a - 2 scrolls of vulnerability {unknown}
 h - a scroll of identify
Potions
 b - 3 potions of degeneration {unknown}
 d - a potion of attraction {unknown}
 e - a potion of heal wounds {unknown}
 f - a potion of cancellation {unknown}
 g - 2 potions of curing {unknown}

Dungeon Overview and Level Annotations

Branches:
Dungeon (3/15)

Altars:
Fedhas
Gozag


Message History

The orc wizard hits you with a +0 dagger.
You shoot a sling bullet.
The sling bullet barely misses the orc wizard.
The orc hits you with a +0 falchion.
The orc wizard hits you but does no damage.
You hear some strange, mumbled words.
A magic dart appears from out of thin air!
The magic dart hits you but does no damage.
You shoot a sling bullet. The sling bullet hits the orc wizard.
The orc wizard is almost dead.
The orc closely misses you. The orc wizard barely misses you.
You hear some strange, mumbled words.
You are confused.
The orc closely misses you.
A frilled lizard comes into view.
The orc wizard barely misses you. Something hits you but does no damage.
The frilled lizard hisses angrily.
The orc barely misses you.
The orc wizard hits you with a +0 dagger.
Something hits you. The orc hits you with a +0 falchion.
The orc wizard closely misses you. Something hits you but does no damage.
The orc hits you but does no damage. The orc wizard misses you.
You hear some strange, mumbled words.
A puff of flame appears from out of thin air!
The puff of flame hits you.
You feel less confused. The orc hits you but does no damage.
The orc wizard hits you but does no damage.
Something hits you.
You shoot a sling bullet. The sling bullet hits the orc wizard!
You kill the orc wizard!
The orc hits you but does no damage. Something hits you.
You have reached level 5!
You shoot a sling bullet.
The sling bullet closely misses the orc.
The sling bullet hits the orc.
The orc is moderately wounded.
The orc hits you with a +0 falchion.
You die...

.......>......###
#....#
#######.##....#
###### #.##....##
######'#####..#
#.......# ##.#
#.......# #.#
##.......# #.##
.........#
#..####
......#'##
##.@).# ......#.#
##o{'# ..?...#.#
Sol...# #######.#
.7...7..# ..# #.#
.7.7.7. .$# #.#
#.# .7 . 7.$. ..
#.# #.# .7 . 7 7.
. #.# ### .7 .7
.. #.#


You could see 2 orcs, a ball python and a frilled lizard.

Vanquished Creatures
  Jessica (D:2)
  An orc wizard (D:3)
  An adder (D:3)
  3 worms
  A dart slug (D:1)
  7 bats
  2 endoplasms
  4 giant cockroaches
  11 goblins
  4 hobgoblins
  3 jackals (D:3)
  3 quokkas
  A ball python (D:2)
  A frilled lizard (D:1)
  7 kobolds
  4 rats
54 creatures vanquished.

Notes
Turn   | Place    | Note
-------+----------+-------------------------------------------
     0 | D:1      | qw the Gargoyle Hexslinger began the quest for the Orb.
     0 | D:1      | Reached XP level 1. HP: 12/12 MP: 2/2
     0 | D:1      | 0 ||| qw: Version: 0.3-a-41-g9d075ac
     0 | D:1      | 0 ||| qw: Game counter: 795
     0 | D:1      | 0 ||| qw: Melee chars always use a shield: true
     0 | D:1      | 0 ||| qw: God list: Okawaru
     0 | D:1      | 0 ||| qw: Allow faded altars: false
     0 | D:1      | 0 ||| qw: Do Orc after clearing Dungeon:15 true
     0 | D:1      | 0 ||| qw: Do second Lair branch before Depths: true
     0 | D:1      | 0 ||| qw: Lair rune preference: random
     0 | D:1      | 0 ||| qw: Goals: Normal
     0 | D:1      | 0 ||| PLANNING D:1-11
   262 | D:1      | Reached XP level 2. HP: 16/16 MP: 3/3
   379 | D:1      | Reached skill level 3 in Ranged Weapons
   710 | D:1      | Reached XP level 3. HP: 21/21 MP: 4/4
  1198 | D:1      | 1198 ||| UPGRADING to +0 leather armour.
  1208 | D:1      | 1208 ||| DROPPING +0 robe.
  1209 | D:1      | 1209 ||| READING scroll labelled GIATIG FICH.
  1210 | D:1      | 1210 ||| READING scroll labelled RAEMNU HURAA.
  1211 | D:1      | 1211 ||| READING scroll labelled ANLUIT CEHAGRI.
  1212 | D:1      | 1212 ||| DROPPING scroll of poison.
  1488 | D:2      | Noticed Jessica
  1496 | D:2      | Killed Jessica
  1497 | D:2      | Reached skill level 4 in Ranged Weapons
  1497 | D:2      | Reached XP level 4. HP: 26/26 MP: 5/5
  1830 | D:2      | 1830 ||| UPGRADING to +3 leather armour.
  1840 | D:2      | 1840 ||| DROPPING +0 leather armour.
  1841 | D:2      | 1841 ||| READING scroll labelled XEJ BAL WEAR.
  1842 | D:2      | 1842 ||| READING scroll labelled EGASYW RARGHONI.
  1843 | D:2      | 1843 ||| READING scroll labelled VAXIUD KEOT.
  1875 | D:3      | Found an opulent altar of Gozag.
  2100 | D:3      | Found a blossoming altar of Fedhas.
  2381 | D:3      | Found a faded altar of an unknown god.
  2531 | D:3      | HP: 6/26 [something (2)]
  2533 | D:3      | Reached XP level 5. HP: 4/30 MP: 6/6
  2533 | D:3      | Slain by an orc

Levels and vault maps discovered:
D:1:      wander_arrival_fairy_ring, layout_basic
D:2:      layout_loops_ring, uniq_jessica
D:3:      layout_basic, nicolae_gozag_seed_capital, fedhas_ov_isle_minmay,
          nicolae_ecumenical_oubliette, kennysheep_cluttered_room

Skill      XL: |  1  2  3 |
---------------+----------+-----
Ranged Weapons | 3 4 |  4.8
Fighting       | 2 |  2.0
Dodging        | |  1.5
Spellcasting   | |  1.0
Hexes          | |  2.6

Action                     |  1- 3 |  4- 6 || total
---------------------------+-------+-------++-------
   Fire: Sling             |   112 |    94 ||   206
    Use: Scroll            |     3 |     3 ||     6
 Armour: Robe              |     9 |       ||     9
         Leather armour    |    10 |    37 ||    47
  Dodge: Dodged            |    23 |    40 ||    63

Table legend:
 A = Non-vault XP
 B = Vault XP
 C = Vault XP percentage of total XP
 D = Non-vault monster count
 E = Vault monster count
 F = Vault count percentage of total count
                 A         B        C        D         E       F
            +---------+---------+-------+---------+---------+-------
      Total |     144 |      37 |  20.4 |      53 |       1 |   1.9
            +---------+---------+-------+---------+---------+-------
        D:1 |      40 |       0 |   0.0 |      24 |       0 |   0.0
        D:2 |      31 |      37 |  54.4 |      16 |       1 |   5.9
        D:3 |      73 |       0 |   0.0 |      13 |       0 |   0.0
            +---------+---------+-------+---------+---------+-------
